[Event "Titled Tuesday Blitz March 15 Late 2022"]
[White "Jeet, Jain"]
[Black "Hambleton, Aman"]
[WhiteFideId "5073022"]
[BlackFideId "2606577"]
[WhiteElo "2085"]
[BlackElo "2552"]
[Result "1-0"]
[Round "09"]
[TimeControl "180+1"]
[Date "2022.03.16"]
[WhiteClock "0:01:38"]
[BlackClock "0:00:01"]

1. d4 Nf6 2. Nf3 b6 3. Bf4 Bb7 4. e3 Nh5 5. Bg3 Nxg3 6. hxg3 g6 7. Bd3 Bg7 8. Nbd2 e6 9. c4 d6 10. O-O O-O 11. Rc1 Nd7 12. b4 a5 13. a3 axb4 14. axb4 Ra3 15. Nb1 Ra7 16. Qb3 Qa8 17. Be2 Nf6 18. Nc3 Ne4 19. Nb5 Ra2 20. Nxc7 Qa3 21. Qxa3 Rxa3 22. Ra1 Rb3 23. Ra7 Rb8 24. b5 Nc3 25. Bd1 Nxd1 26. Rxd1 Rc3 27. Nd2 Bf8 28. Kf1 d5 29. Na6 Bxa6 30. bxa6 dxc4 31. Rb7 Ra8 32. Rxb6 Rc2 33. Ne4 Ra2 34. Rc1 R8xa6 35. Rxa6 Rxa6 36. Rxc4 Ra2 37. Rc7 h6 38. Nf6+ Kg7 39. Ne8+ Kg8 40. Nf6+ Kg7 41. Ng4 Bd6 42. Rd7 Ra6 43. Ke2 h5 44. Nh2 Kf8 45. Nf3 Ke8 46. Rb7 Ra2+ 47. Kf1 Ra1+ 48. Ne1 Be7 49. Ke2 Bd8 50. Nd3 Ra2+ 51. Kf3 Be7 52. g4 hxg4+ 53. Kxg4 Ra5 54. Kf3 1-0


[Site "https://www.chess.com"]

[Event "Titled Tuesday Blitz March 15 Late 2022"]
[White "Kohler, Aran"]
[Black "Ardila, Oscar Humberto"]
[WhiteFideId "1002856"]
[BlackFideId "4404742"]
[WhiteElo "2275"]
[BlackElo "1966"]
[Result "0-1"]
[Round "09"]
[TimeControl "180+1"]
[Date "2022.03.16"]
[WhiteClock "0:00:02"]
[BlackClock "0:00:22"]

1. d4 Nf6 2. c3 g6 3. Bg5 Bg7 4. Nd2 h6 5. Bh4 d6 6. e3 O-O 7. Ngf3 Nbd7 8. Bd3 e5 9. Qb3 Kh7 10. O-O-O c6 11. dxe5 dxe5 12. Ne4 Qc7 13. Nd6 Nc5 14. Qc2 Nxd3+ 15. Qxd3 Qa5 16. Kb1 e4 17. Nc4 Qc7 18. Qd4 exf3 19. Bxf6 Bxf6 20. Qxf6 Bf5+ 21. Ka1 fxg2 22. Rhg1 Rad8 23. Nd6 Bg4 24. Rd4 c5 25. Rd2 Be6 26. Ne4 Rxd2 27. Nxd2 Qxh2 28. Nf3 Qh1 29. b3 Bg4 30. Qe7 Kg8 0-1


[Site "https://www.chess.com"]

[Event "Titled Tuesday Blitz March 15 Late 2022"]
[White "Kokoszczynski, Jan"]
[Black "Farmani Anosheh, Armin"]
[WhiteFideId "1174460"]
[BlackFideId "24613240"]
[WhiteElo "2163"]
[BlackElo "2289"]
[Result "1-0"]
[Round "09"]
[TimeControl "180+1"]
[Date "2022.03.16"]
[WhiteClock "0:00:06"]
[BlackClock "0:00:02"]

1. e4 c5 2. Nf3 Nc6 3. Bb5 g6 4. O-O Bg7 5. Bxc6 bxc6 6. h3 Nf6 7. Re1 O-O 8. c3 c4 9. b3 cxb3 10. axb3 c5 11. Na3 Bb7 12. e5 Nd5 13. Nc4 a5 14. Qe2 Qc7 15. Ra3 Nf4 16. Qd1 Nd3 17. Re3 Nxc1 18. Qxc1 Ra7 19. Qa1 Rfa8 20. d4 Bd5 21. Ra4 cxd4 22. Nxd4 Bxc4 23. Rxc4 Qb7 24. Qa3 Bf8 25. h4 e6 26. Qa2 Ra6 27. h5 Rb6 28. h6 Bxh6 29. Rh3 Bg7 30. Qe2 h5 31. Rf3 Qd5 32. Re3 Rab8 33. Ra4 Rxb3 34. Nxb3 Rxb3 35. Rd4 Rb1+ 36. Kh2 Qc6 37. Qc4 Rb5 38. Qxc6 dxc6 39. f4 Bf8 40. Rd8 Kg7 41. Red3 Rb7 42. Ra8 g5 43. Rdd8 Be7 44. Rg8+ Kh6 45. Kg3 gxf4+ 46. Kxf4 Rd7 47. Rh8+ 1-0


[Site "https://www.chess.com"]

[Event "Titled Tuesday Blitz March 15 Late 2022"]
[White "Kosteniuk, Alexandra"]
[Black "Rosen, Eric"]
[WhiteFideId "4128125"]
[BlackFideId "2032562"]
[WhiteElo "2469"]
[BlackElo "2362"]
[Result "1-0"]
[Round "09"]
[TimeControl "180+1"]
[Date "2022.03.15"]
[WhiteClock "0:00:03"]
[BlackClock "0:00:02"]

1. e4 c5 2. Nf3 d6 3. Bb5+ Bd7 4. Bxd7+ Qxd7 5. d4 Nf6 6. O-O cxd4 7. Qxd4 Nc6 8. Qe3 g6 9. h3 Bg7 10. c4 O-O 11. Nc3 Qe6 12. Qe2 Ne5 13. Nd2 Rfc8 14. b3 Nh5 15. Ndb1 b5 16. g4 bxc4 17. gxh5 Qxh3 18. f3 Nd3 19. Be3 cxb3 20. axb3 Bxc3 21. Nxc3 Rxc3 22. Rxa7 Rxa7 23. Bxa7 Ne5 24. Be3 Qg3+ 25. Kh1 Qh3+ 26. Kg1 Qxh5 27. b4 Rb3 28. Kg2 g5 29. Rh1 Qg6 30. Kf2 g4 31. Rg1 h5 32. f4 Nf3 33. f5 Qg7 34. Kg3 Rb2 35. Qc4 Qe5+ 36. Bf4 Qf6 37. Qc8+ Kg7 38. Rh1 e5 39. fxe6 Qxe6 40. Qxe6 fxe6 41. Bxd6 Rxb4 42. Bxb4 Kg6 43. Kf4 e5+ 44. Kg3 Ng5 45. Re1 1-0


[Site "https://www.chess.com"]

[Event "Titled Tuesday Blitz March 15 Late 2022"]
[White "Kostiukov, Alexandr"]
[Black "Eames, Robert S"]
[WhiteFideId "14108100"]
[BlackFideId "408743"]
[WhiteElo "2202"]
[BlackElo "2105"]
[Result "1-0"]
[Round "09"]
[TimeControl "180+1"]
[Date "2022.03.16"]
[WhiteClock "0:00:36"]
[BlackClock "0:00:02"]

1. e4 e6 2. g3 d5 3. d3 Nf6 4. Qe2 Be7 5. Bg2 O-O 6. e5 Nfd7 7. Nf3 c5 8. O-O Nc6 9. c4 Nb6 10. Nc3 f5 11. exf6 Bxf6 12. Bf4 Nd4 13. Nxd4 cxd4 14. Nb5 a6 15. Nc7 e5 16. Nxa8 Nxa8 17. Bxd5+ Kh8 18. Bd2 Nc7 19. Be4 g6 20. f4 Bh3 21. Rf2 b5 22. b3 Ne6 23. f5 Ng5 24. fxg6 hxg6 25. Bxg6 Kg7 26. Bf5 bxc4 27. Qh5 Bxf5 28. Rxf5 Rh8 29. Rxg5+ Kf8 30. Qf3 c3 31. Bc1 Ke7 32. Ba3+ Ke6 33. Qg4+ Kd5 34. Qe4+ Ke6 35. Rg6 Rf8 36. Rf1 1-0


[Site "https://www.chess.com"]

[Event "Titled Tuesday Blitz March 15 Late 2022"]
[White "Koutlas, Nikolaos"]
[Black "Sarkar, Justin"]
[WhiteFideId "25827138"]
[BlackFideId "2010011"]
[WhiteElo "1610"]
[BlackElo "2038"]
[Result "1-0"]
[Round "09"]
[TimeControl "180+1"]
[Date "2022.03.16"]
[WhiteClock "0:00:13"]
[BlackClock "0:00:01"]

1. Nf3 d5 2. b3 c5 3. Bb2 f6 4. e3 e5 5. c4 d4 6. d3 Be6 7. g3 Ne7 8. Bg2 Nec6 9. O-O Be7 10. a3 a5 11. Re1 O-O 12. exd4 cxd4 13. Nbd2 Na6 14. Ne4 f5 15. Ned2 Bf6 16. Rb1 Qd7 17. Ba1 Qd6 18. Qc1 g5 19. h3 h5 20. g4 fxg4 21. Ne4 Qe7 22. hxg4 Bxg4 23. Nfxg5 Nc5 24. Nxf6+ Qxf6 25. Qd2 Nxd3 26. Ne4 Qf4 27. Qxd3 Bf5 28. Re2 1-0


[Site "https://www.chess.com"]

[Event "Titled Tuesday Blitz March 15 Late 2022"]
[White "Kovanova, Baira"]
[Black "Zhurbinsky, David"]
[WhiteFideId "4164083"]
[BlackFideId "2072904"]
[WhiteElo "2190"]
[BlackElo "2590"]
[Result "1-0"]
[Round "09"]
[TimeControl "180+1"]
[Date "2022.03.16"]
[WhiteClock "0:00:12"]
[BlackClock "0:00:14"]

1. e4 e5 2. Nf3 Nc6 3. Bb5 a6 4. Ba4 Nf6 5. O-O Be7 6. d3 b5 7. Bb3 O-O 8. Re1 Bb7 9. a4 b4 10. Nbd2 d5 11. exd5 Nxd5 12. Nc4 f6 13. d4 Nxd4 14. Nxd4 exd4 15. Qxd4 c5 16. Qg4 Kh8 17. Bd2 f5 18. Qh3 Bf6 19. Rad1 Re8 20. Qxf5 Rf8 21. Qh3 Bd4 22. Be3 Bxe3 23. fxe3 Qf6 24. Rf1 Qg5 25. Qd7 Nxe3 26. Qxb7 Nxf1 27. Nd6 Qe3+ 28. Kh1 h6 29. Nf7+ Kh7 30. Rxf1 Rae8 31. Qd5 Re5 32. Qd3+ Qxd3 33. cxd3 Re7 34. Kg1 Kg6 35. Ne5+ Rxe5 36. Rxf8 Re2 37. Rf2 Re1+ 38. Rf1 Re2 39. Rb1 Rd2 40. Bc4 a5 41. b3 Kf5 42. Re1 Kf4 43. h3 Kg3 44. Re3+ Kf4 45. Rf3+ Ke5 46. Kh2 g5 47. Kg3 h5 48. Re3+ Kd4 49. Re8 h4+ 50. Kf3 Kc3 51. Rc8 Kd4 52. Rd8+ Kc3 53. Rd5 Rd1 54. Rxc5 Rf1+ 55. Ke2 Rf4 56. Rxg5 Kb2 57. Rg4 Rf5 58. Rxh4 Re5+ 59. Kd2 Rg5 60. Rg4 Rf5 61. d4 Ka3 62. d5 Rf2+ 63. Kd3 Rf1 64. d6 Rd1+ 65. Ke3 Rxd6 66. h4 Rd1 67. h5 Rh1 68. Rg5 Rh4 69. g4 Rh3+ 70. Kf4 Rh1 71. Rxa5 Rh2 72. Rb5 Rf2+ 73. Kg5 Rh2 74. h6 Rh1 75. a5 Re1 76. a6 Re7 77. Rb7 Re5+ 78. Kf6 Re1 79. a7 Re8 80. h7 Rf8+ 81. Kg7 Ra8 82. h8=Q Rxh8 83. Kxh8 Kb2 84. a8=Q Kc3 85. Qf8 Kc2 86. Qf2+ Kc3 87. Qe1+ Kb2 88. Qxb4 Kc2 89. Re7 Kb1 90. Re1+ Kc2 91. Re2+ Kb1 92. Qe1# 1-0


[Site "https://www.chess.com"]

[Event "Titled Tuesday Blitz March 15 Late 2022"]
[White "Kucuksari, Kaan"]
[Black "Sokolovsky, Yahli"]
[WhiteFideId "6380166"]
[BlackFideId "2820242"]
[WhiteElo "2305"]
[BlackElo "1770"]
[Result "1/2-1/2"]
[Round "09"]
[TimeControl "180+1"]
[Date "2022.03.15"]
[WhiteClock "0:00:13"]
[BlackClock "0:00:19"]

1. d4 d5 2. c4 c6 3. Nf3 e6 4. Qc2 Bd6 5. Nc3 f5 6. Bg5 Nf6 7. e3 O-O 8. Bd3 Nbd7 9. Bf4 Bxf4 10. exf4 Ne4 11. O-O Rf6 12. Ne5 Rh6 13. f3 Nxc3 14. bxc3 Nxe5 15. fxe5 f4 16. g3 fxg3 17. hxg3 Qg5 18. Kg2 Bd7 19. f4 Qe7 20. Rh1 Rxh1 21. Rxh1 g6 22. c5 b6 23. Qb2 bxc5 24. Qa3 Rb8 25. Rb1 Rb6 26. Qxa7 Rxb1 27. Bxb1 cxd4 28. cxd4 g5 29. f5 g4 30. f6 Qb4 31. Bxh7+ Kh8 32. Qxd7 Qd2+ 33. Kf1 Qd1+ 34. Kf2 Qd2+ 35. Kf1 Qd1+ 36. Kg2 Qe2+ 37. Kg1 Qe1+ 38. Kh2 Qf2+ 39. Kh1 Qf1+ 40. Kh2 Qf2+ 41. Kh1 Qf1+ 42. Kh2 Qf2+ 1/2-1/2


[Site "https://www.chess.com"]

[Event "Titled Tuesday Blitz March 15 Late 2022"]
[White "Kujawski, Adam"]
[Black "Plazuelo Pascual, Juan"]
[WhiteFideId "1100920"]
[BlackFideId "32059566"]
[WhiteElo "2053"]
[BlackElo "2364"]
[Result "1-0"]
[Round "09"]
[TimeControl "180+1"]
[Date "2022.03.16"]
[WhiteClock "0:00:06"]
[BlackClock "0:00:06"]

1. e4 e5 2. Nf3 Nf6 3. Nc3 Nc6 4. Bb5 Bb4 5. O-O O-O 6. d3 Bxc3 7. bxc3 d6 8. Bxc6 bxc6 9. Bg5 Bg4 10. h3 Bxf3 11. Qxf3 h6 12. Bxf6 Qxf6 13. Qxf6 gxf6 14. Rab1 Rfb8 15. Rb3 Rb6 16. g4 Rab8 17. Kg2 Kg7 18. Kg3 Kg6 19. f4 a5 20. Rfb1 h5 21. Rxb6 cxb6 22. fxe5 fxe5 23. Kh4 hxg4 24. Kxg4 b5 25. h4 c5 26. h5+ Kf6 27. Rf1+ Ke6 28. Rh1 Rg8+ 29. Kf3 Kf6 30. h6 Rh8 31. a3 Kg5 32. h7 Kg6 33. Rb1 b4 34. axb4 axb4 35. cxb4 cxb4 36. Rxb4 Kxh7 37. Rb7 Rd8 38. Rxf7+ Kg6 39. Rf5 Ra8 40. Ke3 Ra2 41. Kd2 Ra1 42. Rf8 Ra6 43. Kc3 Rc6+ 44. Kb3 Kg7 45. Rf1 Rb6+ 46. Kc3 Rc6+ 47. Kd2 Kg6 48. Rf2 Kg7 49. Kc1 Rb6 50. Kd2 Rc6 51. c4 Ra6 52. Ke3 Kg6 53. Rf5 Ra1 54. c5 dxc5 55. Rxe5 Ra5 56. Rf5 Rb5 57. Kd2 Ra5 58. Kc3 Ra3+ 59. Kc4 Ra1 60. Kxc5 Ra5+ 61. Kc6 Ra6+ 62. Kd5 Ra5+ 63. Ke6 Ra4 64. Rd5 Kg7 65. e5 Ra6+ 66. Rd6 Ra4 67. d4 Kf8 68. Rd8+ Kg7 69. d5 Ra8 70. Rxa8 1-0


[Site "https://www.chess.com"]

[Event "Titled Tuesday Blitz March 15 Late 2022"]
[White "Lashkin, Jegor"]
[Black "Risteski, Emil"]
[WhiteFideId "13907808"]
[BlackFideId "15005267"]
[WhiteElo "2344"]
[BlackElo "2070"]
[Result "0-1"]
[Round "09"]
[TimeControl "180+1"]
[Date "2022.03.15"]
[WhiteClock "0:00:02"]
[BlackClock "0:00:10"]

1. d4 d6 2. c4 Nf6 3. Nc3 e5 4. d5 Be7 5. e4 a5 6. Bd3 Na6 7. Nge2 Nd7 8. a3 Nac5 9. Bc2 Bg5 10. O-O Bxc1 11. Rxc1 Na6 12. Rb1 Nb6 13. Bd3 Nc5 14. b4 Nxd3 15. Qxd3 O-O 16. c5 Nd7 17. cxd6 cxd6 18. Rfc1 b6 19. Qe3 Ba6 20. b5 Bb7 21. Na4 f5 22. Rc6 f4 23. Qh3 Bxc6 24. dxc6 Nc5 25. Nac3 f3 26. gxf3 Qg5+ 27. Qg3 Qh5 28. Kg2 Rf6 29. Nd5 Rf7 30. Nxb6 Raf8 31. Ng1 Ne6 32. Nd5 Nf4+ 33. Nxf4 Rxf4 34. c7 R4f6 35. Qh3 Rg6+ 36. Qg3 Rxg3+ 37. hxg3 Qf7 38. b6 h5 39. Ne2 Qxf3+ 40. Kh3 Qg4+ 41. Kh2 Rxf2+ 0-1


[Site "https://www.chess.com"]

[Event "Titled Tuesday Blitz March 15 Late 2022"]
[White "Lewicki, Miroslaw"]
[Black "Fishbein, Mitch"]
[WhiteFideId "1113380"]
[BlackFideId "30922917"]
[WhiteElo "2283"]
[BlackElo "1939"]
[Result "0-1"]
[Round "09"]
[TimeControl "180+1"]
[Date "2022.03.16"]
[WhiteClock "0:00:31"]
[BlackClock "0:00:21"]

1. g3 Nf6 2. Bg2 g6 3. Nf3 Bg7 4. O-O O-O 5. c4 d6 6. d4 Nc6 7. Nc3 e5 8. d5 Nb8 9. e4 a5 10. Qc2 Na6 11. h3 Nc5 12. Be3 Ne8 13. a3 f5 14. b4 axb4 15. axb4 Rxa1 16. Rxa1 Nxe4 17. Nxe4 fxe4 18. Ng5 Nf6 19. Ra8 Qe7 20. c5 Bf5 21. Ra7 Rb8 22. g4 Bd7 23. Nxe4 Nxd5 24. Qb3 Be6 25. Bg5 Qf7 26. cxd6 Nf4 27. dxc7 Qxc7 28. Qc3 Ne2+ 0-1


[Site "https://www.chess.com"]

[Event "Titled Tuesday Blitz March 15 Late 2022"]
[White "Lewtak, Damian"]
[Black "Vovk, Orest"]
[WhiteFideId "1141724"]
[BlackFideId "14113490"]
[WhiteElo "2362"]
[BlackElo "2203"]
[Result "0-1"]
[Round "09"]
[TimeControl "180+1"]
[Date "2022.03.16"]
[WhiteClock "0:00:11"]
[BlackClock "0:00:33"]

1. d4 e5 2. dxe5 Nc6 3. Nf3 Qe7 4. Nc3 Nxe5 5. Nd5 Nxf3+ 6. gxf3 Qd8 7. e4 d6 8. Bd3 Be6 9. Nf4 Nf6 10. Nxe6 fxe6 11. c3 Be7 12. Qb3 Qc8 13. Bc4 d5 14. exd5 exd5 15. Bxd5 Nxd5 16. Qxd5 c6 17. Qc4 Qd7 18. Be3 O-O-O 19. Qg4 Bf6 20. Rd1 Qxg4 21. fxg4 Rxd1+ 22. Kxd1 b6 23. Ke2 Re8 24. f4 Be7 25. Kf3 Bd6 26. f5 Be7 27. h4 Rd8 28. h5 h6 29. g5 Bxg5 30. Bxg5 hxg5 31. h6 gxh6 32. Rxh6 Rd1 33. Re6 Kd7 34. Re2 Rg1 35. a4 g4+ 36. Kf4 g3 37. Kg5 Rf1 38. Kg6 Rf2 39. Re3 g2 40. Rg3 Rxb2 41. f6 Rf2 42. f7 Ke7 43. Re3+ Kd7 44. Rd3+ Ke7 45. Rg3 Rf6+ 46. Kg5 Rxf7 0-1


[Site "https://www.chess.com"]

[Event "Titled Tuesday Blitz March 15 Late 2022"]
[White "Lock, Gavin R"]
[Black "Mohammadian, Mohammad"]
[WhiteFideId "408646"]
[BlackFideId "12566055"]
[WhiteElo "2104"]
[BlackElo "1544"]
[Result "1-0"]
[Round "09"]
[TimeControl "180+1"]
[Date "2022.03.16"]
[WhiteClock "0:00:06"]
[BlackClock "0:00:03"]

1. d4 Nf6 2. Nf3 g6 3. Nc3 d5 4. Bf4 Bg7 5. Nb5 Na6 6. e3 c6 7. Nc3 Nc7 8. h3 O-O 9. Bd3 Nh5 10. Be5 Nf6 11. O-O Bd7 12. a4 Nce8 13. a5 Nd6 14. b3 Nde4 15. Ne2 Bf5 16. c4 Nd6 17. Bxf5 Nxf5 18. Qd3 e6 19. Rfc1 Rc8 20. a6 b6 21. Rc2 Ne7 22. Rac1 Qd7 23. Bh2 Ne4 24. Ne5 Bxe5 25. Bxe5 f6 26. Bh2 Nd6 27. Nc3 dxc4 28. bxc4 Ndf5 29. Ne4 e5 30. Rc3 Rfd8 31. Nxf6+ Kg7 32. Nxd7 Rxd7 33. Bxe5+ Kf7 34. g4 Nh4 35. Qe4 Rdd8 36. Bg3 g5 37. Bxh4 gxh4 38. f4 Re8 39. f5 Kg8 40. Qf4 Kh8 41. e4 Ng8 42. e5 Ne7 43. Rf3 Rf8 44. Re1 Ng6 45. Qg5 Rc7 46. Ref1 Ne7 47. f6 Ng6 48. Qh6 Rcf7 49. Kh2 Re8 50. g5 Re6 51. Qh5 Re8 52. Rf5 Re6 53. d5 cxd5 54. cxd5 Re8 55. e6 Rc7 56. f7 Rc2+ 57. R1f2 1-0


[Site "https://www.chess.com"]

[Event "Titled Tuesday Blitz March 15 Late 2022"]
[White "Lysyj, Igor"]
[Black "Svane, Rasmus"]
[WhiteFideId "4150120"]
[BlackFideId "4657101"]
[WhiteElo "2611"]
[BlackElo "2645"]
[Result "0-1"]
[Round "09"]
[TimeControl "180+1"]
[Date "2022.03.15"]
[WhiteClock "0:00:11"]
[BlackClock "0:00:06"]

1. d4 d5 2. c4 e6 3. Nf3 a6 4. cxd5 exd5 5. Nc3 Nf6 6. Bg5 Be6 7. e3 Nbd7 8. Bd3 Bd6 9. h3 c6 10. Bf4 Qc7 11. Qd2 O-O 12. O-O Rfe8 13. Rfe1 g6 14. Rac1 Nh5 15. Bh2 Bxh2+ 16. Nxh2 Ng7 17. f3 Rad8 18. Qf2 Qd6 19. e4 dxe4 20. Nxe4 Qe7 21. a3 Nf6 22. Nc5 Qc7 23. Ng4 Nd5 24. Bf1 Nf5 25. Nxe6 fxe6 26. Ne5 Nf6 27. Rcd1 Qb6 28. Nc4 Qa7 29. g4 Nxd4 30. Kh1 c5 31. Bg2 b5 32. Ne5 Nd5 33. f4 Rf8 34. Rxd4 cxd4 35. Nc6 Qb6 36. Nxd8 Qxd8 37. Re4 Qf6 38. f5 exf5 39. Rxd4 Ne7 40. Rd7 Qe6 41. Qd4 fxg4 42. hxg4 Rf6 43. g5 Rf5 44. Rd8+ Kf7 45. Rh8 Qe1+ 46. Kh2 Qe5+ 47. Qxe5 Rxe5 48. Rxh7+ Ke6 49. Bh3+ Kd6 50. Rf7 Rxg5 51. Rf6+ Ke5 52. Rxa6 Nd5 53. b4 Nf4 54. Bf1 Ke4 55. Ra5 Kf3 56. Rxb5 Rg4 57. Re5 Kf2 58. Bh3 Rh4 0-1


[Site "https://www.chess.com"]

[Event "Titled Tuesday Blitz March 15 Late 2022"]
[White "Marson, Juan Miguel"]
[Black "Reprintsev, Alexander"]
[WhiteFideId "106585"]
[BlackFideId "14100541"]
[WhiteElo "2053"]
[BlackElo "2108"]
[Result "0-1"]
[Round "09"]
[TimeControl "180+1"]
[Date "2022.03.16"]
[WhiteClock "0:00:01"]
[BlackClock "0:01:29"]

1. e4 d5 2. exd5 Qxd5 3. Nc3 Qa5 4. d4 Nf6 5. Nf3 Nc6 6. Bd2 a6 7. Bc4 Qh5 8. Be2 Bg4 9. h3 O-O-O 10. O-O Bxf3 11. Bxf3 Qf5 12. Bxc6 bxc6 13. Be3 e5 14. Qe2 Kb7 15. dxe5 Qxe5 16. Qf3 Bd6 17. g3 Rhe8 18. Rfe1 Qh5 19. Qg2 Nd5 20. Ne4 Rxe4 21. Qxe4 Qxh3 22. Qg2 Qf5 23. c4 Nxe3 24. Rxe3 Bc5 25. Rb3+ Ka7 26. Qxc6 Bxf2+ 27. Kg2 Bb6 28. Rxb6 Rd2+ 29. Kg1 Qf2+ 30. Kh1 Qh2# 0-1


[Site "https://www.chess.com"]

[Event "Titled Tuesday Blitz March 15 Late 2022"]
[White "Martin Barcelo, Carles"]
[Black "Sarana, Alexey"]
[WhiteFideId "24561444"]
[BlackFideId "24133795"]
[WhiteElo "1875"]
[BlackElo "2666"]
[Result "0-1"]
[Round "09"]
[TimeControl "180+1"]
[Date "2022.03.15"]
[WhiteClock "0:00:06"]
[BlackClock "0:01:28"]

1. e4 c5 2. Nf3 d6 3. Bb5+ Bd7 4. Bxd7+ Nxd7 5. O-O Ngf6 6. Qe2 e6 7. d4 cxd4 8. Nxd4 Rc8 9. c4 Be7 10. Nc3 a6 11. Be3 Qc7 12. Rac1 O-O 13. b3 Rfd8 14. Rfd1 Qa5 15. Qd2 Ne5 16. f3 Qc7 17. Qf2 Nfd7 18. Nde2 Qa5 19. Na4 b5 20. Nb6 Rc6 21. Nxd7 Rxd7 22. cxb5 Rxc1 23. Nxc1 axb5 24. Qd2 Qa6 25. Nd3 Nc6 26. Rc1 h6 27. h3 d5 28. Rxc6 Qxc6 29. Ne5 Qb7 30. Nxd7 Qxd7 31. exd5 exd5 32. a4 bxa4 33. bxa4 Qb7 34. a5 Bb4 35. Qa2 Qe7 36. Bf2 d4 37. a6 Bc5 38. Qd5 Ba7 39. Qe4 Qd8 40. Qd3 Qd6 41. Kf1 g6 42. Kg1 h5 43. Qe4 d3 44. Bxa7 d2 45. Qe8+ Kg7 0-1


[Site "https://www.chess.com"]

[Event "Titled Tuesday Blitz March 15 Late 2022"]
[White "Matinian, Nikita"]
[Black "Yang, Kaiqi"]
[WhiteFideId "24129100"]
[BlackFideId "8604398"]
[WhiteElo "2422"]
[BlackElo "2373"]
[Result "1-0"]
[Round "09"]
[TimeControl "180+1"]
[Date "2022.03.15"]
[WhiteClock "0:01:29"]
[BlackClock "0:00:01"]

1. e4 e6 2. d4 d5 3. Nc3 Bb4 4. Ne2 dxe4 5. a3 Be7 6. Nxe4 Nf6 7. Nxf6+ Bxf6 8. Be3 c5 9. dxc5 Qxd1+ 10. Rxd1 Bxb2 11. Nd4 Bc3+ 12. Ke2 Bxd4 13. Bxd4 f6 14. g3 e5 15. Be3 Bg4+ 16. f3 Be6 17. Rd6 Kf7 18. Bg2 Nd7 19. Rb1 Rab8 20. Rbd1 Ke7 21. f4 Rhc8 22. Rxe6+ Kxe6 23. Bh3+ f5 24. Rd6+ Ke7 25. Bxf5 Nxc5 26. fxe5 Rc7 27. Bg5+ Ke8 28. Bxh7 Rd7 29. Bg6+ Kf8 30. Ke3 Rxd6 31. exd6 Ne6 32. Be7+ Kg8 33. d7 1-0


[Site "https://www.chess.com"]

[Event "Titled Tuesday Blitz March 15 Late 2022"]
[White "Mikhailov, Viacheslav"]
[Black "Araujo Filho, Luiz Antonio Coel"]
[WhiteFideId "4187369"]
[BlackFideId "2130661"]
[WhiteElo "2381"]
[BlackElo "2236"]
[Result "1-0"]
[Round "09"]
[TimeControl "180+1"]
[Date "2022.03.16"]
[WhiteClock "0:00:06"]
[BlackClock "0:00:02"]

1. c4 f5 2. g3 Nf6 3. Bg2 g6 4. Nc3 Bg7 5. Nf3 O-O 6. O-O d6 7. d3 e5 8. Rb1 h6 9. b4 g5 10. Nd2 Nbd7 11. a4 f4 12. a5 Rb8 13. Nde4 Nxe4 14. Nxe4 Nf6 15. Nxf6+ Qxf6 16. b5 g4 17. Bd5+ Be6 18. e4 h5 19. Rb2 Kh7 20. Bxe6 Qxe6 21. f3 fxg3 22. hxg3 gxf3 23. Rxf3 Qg4 24. Rbf2 Rf6 25. Qf1 Rxf3 26. Rxf3 Rf8 27. Rxf8 Qxg3+ 28. Kh1 Bxf8 29. Qf7+ Bg7 30. Qxh5+ Kg8 31. Qe8+ Kh7 32. Qh5+ Kg8 33. Qe2 Qh3+ 34. Kg1 Qg3+ 35. Kf1 a6 36. Be3 Bf6 37. Qg2 Qxg2+ 38. Kxg2 Kf7 39. Kf3 Ke6 40. Kg4 Be7 41. Kf3 Bd8 42. Kg4 Be7 43. Bg5 Bxg5 44. Kxg5 c6 45. bxa6 bxa6 46. Kg6 d5 47. c5 dxe4 48. dxe4 Ke7 49. Kf5 1-0


[Site "https://www.chess.com"]

[Event "Titled Tuesday Blitz March 15 Late 2022"]
[White "Moroni, Luca Jr"]
[Black "Rozman, Levy"]
[WhiteFideId "865834"]
[BlackFideId "2039877"]
[WhiteElo "2573"]
[BlackElo "2376"]
[Result "1-0"]
[Round "09"]
[TimeControl "180+1"]
[Date "2022.03.15"]
[WhiteClock "0:00:24"]
[BlackClock "0:00:02"]

1. d4 Nf6 2. Bf4 c5 3. e3 d5 4. dxc5 e6 5. b4 a5 6. c3 Bd7 7. Nd2 axb4 8. cxb4 b6 9. cxb6 Qxb6 10. a3 Be7 11. Ngf3 O-O 12. Bd3 Nh5 13. Be5 Nc6 14. Bb2 Bf6 15. Bxf6 Nxf6 16. O-O e5 17. Be2 e4 18. Ne1 Ne5 19. Nc2 Ba4 20. Qb1 Qc7 21. Nd4 Neg4 22. g3 Qe5 23. Kg2 h5 24. h3 Nh6 25. h4 Bd7 26. b5 g5 27. hxg5 Qxg5 28. Rh1 Kh7 29. Qb4 Rae8 30. Qd6 Rg8 31. Qf4 Qxf4 32. exf4 e3 33. fxe3 Rxe3 34. Nf1 Rc3 35. Nf3 Ne4 36. Re1 Bg4 37. a4 Nf5 38. Ng5+ Nxg5 39. Bxg4 Nh6 40. Rxh5 Ne4 41. Bf5+ Kg7 42. Bxe4 dxe4 43. Rg5+ Kf8 44. Rxg8+ Nxg8 45. Rxe4 Nf6 46. Re3 Rc2+ 47. Kf3 Nd5 48. Rb3 Ke7 49. b6 Rc8 50. b7 1-0


[Site "https://www.chess.com"]

[Event "Titled Tuesday Blitz March 15 Late 2022"]
[White "Morris-Suzuki, Sophie"]
[Black "Jarocka, Liwia"]
[WhiteFideId "30922615"]
[BlackFideId "21807558"]
[WhiteElo "2467"]
[BlackElo "1896"]
[Result "1-0"]
[Round "09"]
[TimeControl "180+1"]
[Date "2022.03.16"]
[WhiteClock "0:00:45"]
[BlackClock "0:00:16"]

1. d4 Nf6 2. c4 e6 3. Nc3 Bb4 4. e3 O-O 5. a3 Bxc3+ 6. bxc3 d5 7. Bd3 c5 8. Ne2 dxc4 9. Bxc4 cxd4 10. cxd4 b6 11. O-O Bb7 12. f3 Nbd7 13. e4 Rc8 14. Bd3 e5 15. d5 Nc5 16. Bc2 Ba6 17. Re1 Bxe2 18. Qxe2 Ne8 19. f4 exf4 20. Bxf4 Nf6 21. Rad1 Re8 22. Qf3 Ncd7 23. Ba4 a6 24. e5 b5 25. Bb3 Qb6+ 26. Kh1 Qa5 27. Bd2 Qxa3 28. exf6 Nxf6 29. Bg5 Rxe1+ 30. Rxe1 Qd6 31. Bxf6 gxf6 32. Qg4+ 1-0


[Site "https://www.chess.com"]

[Event "Titled Tuesday Blitz March 15 Late 2022"]
[White "Nakamura, Hikaru"]
[Black "Maghsoodloo, Parham"]
[WhiteFideId "2016192"]
[BlackFideId "12539929"]
[WhiteElo "2850"]
[BlackElo "2630"]
[Result "1-0"]
[Round "09"]
[TimeControl "180+1"]
[Date "2022.03.15"]
[WhiteClock "0:01:26"]
[BlackClock "0:00:04"]

1. Nf3 d5 2. b3 c6 3. Bb2 Bf5 4. d3 Nd7 5. Nbd2 Ngf6 6. Nh4 Bg6 7. Nxg6 hxg6 8. g3 e5 9. Bg2 Bc5 10. e3 Qe7 11. a3 a5 12. Qe2 O-O 13. h4 Rfe8 14. g4 Nf8 15. g5 N6h7 16. Bh3 Rad8 17. Kf1 b5 18. a4 b4 19. Kg2 Bd6 20. Rag1 Qa7 21. Kf1 Qc5 22. Nf3 Qb6 23. e4 Qc7 24. Bg4 Ne6 25. Bxe6 Rxe6 26. h5 gxh5 27. Rxh5 Nf8 28. Nh4 Ng6 29. Nf5 Nf4 30. Rgh1 Rh6 31. gxh6 Nxe2 32. hxg7 f6 33. Rh8+ Kf7 34. Rxd8 Qxd8 35. Rh8 1-0


[Site "https://www.chess.com"]